 Dungeon Crawl Stone Soup version 0.18.1-1-g2f07953 (webtiles) character file.

16451 MTVSty1e the Blocker (level 12, -4/95 HPs)
             Began as a Formicid Fighter on May 7, 2016.
             Was a High Priest of Okawaru.
             Slain by a slime creature (16 damage)
             ... on level 12 of the Dungeon.
             The game lasted 00:52:47 (14237 turns).

MTVSty1e the Blocker (Formicid Fighter)            Turns: 14237, Time: 00:52:48

Health: -4/95      AC: 11    Str: 25    XL:     12   Next: 70%
Magic:  17/17      EV: 14    Int:  9    God:    Okawaru [*****.]
Gold:   531        SH: 12    Dex: 12    Spells: 0 memorised, 11 levels left

rFire  + . .     SeeInvis +     e - +2 trident (freeze)
rCold  . . .     Gourm    .     b - +0 scale mail
rNeg   . . .     Faith    .     c - +0 shield
rPois  .         Spirit   .     (helmet unavailable)
rElec  .         Dismiss  .     f - +0 cloak
rCorr  .         Reflect  .     d - +1 pair of gloves
SustAt +         Harm     .     (no boots)
MR     ++...                    E - amulet of rage
Stlth  ..........               l - ring of protection from fire
                                r - ring of sustain attributes

@: very resistant to hostile enchantments, extremely unstealthy
A: permanent stasis, dig shafts and tunnels, four strong arms, antennae 3, thin
skeletal structure 1, magic resistance 1, sense surroundings 1
a: Dig, Shaft Self, Heroism, Finesse, Renounce Religion


You were on level 12 of the Dungeon.
You worshipped Okawaru.
Okawaru was extremely pleased with you.
You were not hungry.

You visited 2 branches of the dungeon, and saw 13 of its levels.
You also visited: Bailey.

You collected 531 gold pieces.

Inventory:

Hand Weapons
 a - a +0 war axe
 e - a +2 trident of freezing (weapon)
 k - a +3 flail of protection
 s - a +3 trident
 w - a +0 hand axe of chopping
 y - a +0 halberd of electrocution
 z - a +0 halberd of electrocution
 A - a +0 battleaxe
 B - a +0 spear of flaming
 L - a +1 antimagic morningstar
Armour
 b - a +0 scale mail (worn)
 c - a +0 shield (worn)
 d - a +1 pair of gloves (worn)
 f - a +0 cloak (worn)
 J - a cursed +0 ring mail
Jewellery
 l - a ring of protection from fire (right hand)
 r - a ring of sustain attributes (left hand)
 E - an amulet of rage (around neck)
Wands
 q - a wand of confusion (18/48)
 t - a wand of confusion (36/48)
 x - a wand of flame (17/48)
 F - a wand of random effects (23/48)
 H - a wand of flame (21/48)
Scrolls
 g - 4 scrolls of amnesia
 o - 4 scrolls of remove curse
 u - a scroll of magic mapping
 C - 3 scrolls of fog
 K - a scroll of identify
 N - a scroll of acquirement {unknown}
Potions
 i - 4 potions of curing
 p - 3 potions of brilliance
 v - a potion of cancellation
 G - 2 potions of resistance {unknown}
 I - a potion of mutation {unknown}
Books
 m - a book of Transfigurations

   Spells                             Type                      Level
   a - Irradiate                      Conjuration/Transmutation    5
   b - Statue Form                    Transmutation/Earth          6
   c - Hydra Form                     Transmutation                6
   d - Dragon Form                    Transmutation                7
Miscellaneous
 h - a plain deck of summoning {drawn: 3}
Comestibles
 j - 6 slices of pizza
 n - 4 bread rations
 D - 2 meat rations
 M - a fruit


   Skills:
 * Level 9.3 Fighting
 + Level 4.0(7.0) Axes
 - Level 6.4(7.0) Maces & Flails
 * Level 6.1(6.6) Polearms
 * Level 7.9 Armour
 * Level 9.1 Dodging
 + Level 10.0 Shields
 - Level 7.0 Evocations


You had 11 spell levels left.
You didn't know any spells.

Dungeon Overview and Level Annotations

Branches:
Dungeon (12/15)            Temple (1/1) D:6            Lair (0/8) D:11
    Orc (0/2) D:9

Altars:
Ashenzari
Dithmenos
Fedhas
Kikubaaqudgha
Makhleb
Nemelex Xobeh
Okawaru
Pakellas
Qazlal
Ru
Sif Muna
Trog
Vehumet
Xom


Innate Abilities, Weirdness & Mutations

You are under a permanent stasis effect.
You can dig through walls and to a lower floor.
Your four strong arms can wield two-handed weapons with a shield.
You have a pair of large antennae on your head (SInv).
You have a somewhat thin skeletal structure (Dex +2, Stealth).
You are resistant to hostile enchantments.
You passively map a small area around you.


Message History

The slime creature closely misses you. The slime creature hits you.
* * * LOW HITPOINT WARNING * * *
You block the slime creature's attack. The slime creature hits you.
* * * LOW HITPOINT WARNING * * *
You hit the slime creature. You freeze the slime creature.
The slime creature is almost dead.
You block the slime creature's attack. x2; The slime creature hits you!
* * * LOW HITPOINT WARNING * * *
The slime creature completely misses you.
Drink which item? (? for menu, Esc to quit)
You feel better. The slime creature misses you.
The slime creature hits you but does no damage.
The slime creature hits you.
* * * LOW HITPOINT WARNING * * *
The slime creature barely misses you.
Drink which item? (? for menu, Esc to quit)
You feel better. The slime creature hits you.
* * * LOW HITPOINT WARNING * * *
The slime creature hits you!
You die...

, * #............. ,
..####............. ,
................... , ,,,
,..######.......... ,
..#....#.......... * ,
########.#....#..........
#......#.#....'..........
#......#J#....##.########
, #......J@J.....#.#, ,,,
, #......#J#..[..+.# ,
#.....##.#.....#.# ,
#..... ..#.....#.#* * ,
,#.... #..#######.. *
#....,#..., .. #... #...
, , , ,#...,,#... , * , *


You could see 4 slime creatures.

Vanquished Creatures
  Harold (D:10)
  A hydra (D:11)
  A centaur warrior (D:8)
  Erolcha (D:10)
  Urug (D:10)
  2 hill giants (D:10)
  An orc knight (Bailey)
  An ugly thing (D:11)
  A cyclops (D:11)
  A manticore (D:12)
  An elephant (D:11)
  A kobold demonologist (D:9)
  A troll (D:9)
  A human (D:7)
  8 yaks
  A wraith (D:10)
  A hog (D:7)
  Eustachio (D:6)
  2 hippogriffs
  The ghost of M4edhros the Insei, an amateur OpNe (D:4)
  A water moccasin (D:11)
  A swamp drake (D:11)
  2 black bears (D:10)
  5 ice beasts
  3 sky beasts
  5 orc warriors
  6 ogres
  6 phantoms
  11 centaurs
  A crocodile (D:11)
  Blork the orc (D:5)
  4 big kobolds
  10 giant frogs
  A gnoll sergeant (D:9)
  A water moccasin zombie (D:5)
  7 scorpions
  13 killer bees
  2 howler monkeys
  2 giant frog zombies
  5 crimson imps
  A wasp zombie (D:8)
  9 hounds
  2 quasits
  A centaur zombie (D:9)
  A jelly (D:5)
  6 orc priests
  2 centaur skeletons
  6 iguanas
  Natasha (thrice) (D:2)
  4 orc wizards
  11 worker ants
  A killer bee zombie (D:10)
  7 sheep
  The ghost of unh01y the Skirmisher, a weakling FoAK of Lugonu (D:11)
  A hound zombie (D:8)
  3 hound skeletons
  2 howler monkey zombies
  Robin (D:2)
  A worker ant zombie (D:8)
  18 gnolls
  11 adders
  A river rat (D:11)
  5 shadow imps
  An ooze (D:3)
  3 adder skeletons
  3 worms
  2 dart slugs
  5 giant geckos
  48 orcs
  4 bats
  4 giant cockroaches
  21 goblins
  20 hobgoblins
  21 jackals
  30 kobolds
  2 quokkas (D:10)
  2 giant gecko skeletons (D:4)
  4 giant newts
  8 rats
392 creatures vanquished.

Vanquished Creatures (collateral kills)
  Duvessa (D:6)
  Dowan (D:6)
2 creatures vanquished.

Vanquished Creatures (others)
  An orc priest (D:10)
  An adder (D:2)
  4 orcs (D:10)
  A ball python (D:2)
  A hobgoblin (D:2)
  2 giant newts (D:2)
10 creatures vanquished.

Grand Total: 404 creatures vanquished

Notes
Turn   | Place    | Note
--------------------------------------------------------------
     0 | D:1      | MTVSty1e the Formicid Fighter began the quest for the Orb.
     0 | D:1      | Reached XP level 1. HP: 18/18 MP: 1/1
   115 | D:1      | Reached XP level 2. HP: 24/24 MP: 2/2
   182 | D:1      | Found a sparkling altar of Nemelex Xobeh.
   379 | D:1      | Reached skill level 4 in Shields
   662 | D:2      | Found a shimmering altar of Xom.
   663 | D:2      | Reached XP level 3. HP: 29/29 MP: 3/3
   664 | D:2      | Found an oddly glowing altar of Pakellas.
   666 | D:2      | Found an ancient bone altar of Kikubaaqudgha.
   859 | D:2      | Found a radiant altar of Vehumet.
   929 | D:2      | Reached skill level 1 in Dodging
  1085 | D:2      | Noticed Robin
  1111 | D:2      | Reached XP level 4. HP: 22/35 MP: 4/4
  1119 | D:2      | Killed Robin
  1524 | D:2      | Found a stormy altar of Qazlal.
  1547 | D:2      | Noticed Natasha
  1558 | D:2      | Killed Natasha
  1558 | D:2      | Reached XP level 5. HP: 42/42 MP: 5/5
  1835 | D:2      | Noticed Natasha
  1843 | D:2      | Killed Natasha
  1862 | D:2      | Noticed Natasha
  1872 | D:2      | Killed Natasha
  2090 | D:3      | Reached XP level 6. HP: 29/48 MP: 6/6
  2776 | D:4      | Noticed M4edhros's ghost (amateur OpNe)
  2794 | D:4      | Killed M4edhros's ghost
  2794 | D:4      | Reached skill level 1 in Maces & Flails
  2794 | D:4      | Reached skill level 1 in Evocations
  2794 | D:4      | Reached XP level 7. HP: 30/54 MP: 7/7
  3566 | D:4      | Reached skill level 5 in Shields
  3835 | D:4      | Reached XP level 8. HP: 61/61 MP: 9/9
  3845 | D:5      | Entered Level 5 of the Dungeon
  3954 | D:5      | Found a shadowy altar of Dithmenos.
  4093 | D:5      | Noticed Blork the orc
  4137 | D:5      | Killed Blork the orc
  4137 | D:5      | Reached skill level 5 in Fighting
  4808 | D:6      | Noticed Eustachio
  4895 | D:6      | Killed Eustachio
  5010 | D:6      | Found a staircase to the Ecumenical Temple.
  5016 | Temple   | Entered the Ecumenical Temple
  5034 | Temple   | Became a worshipper of Warmaster Okawaru
  5183 | D:6      | Reached skill level 6 in Shields
  5189 | D:6      | Noticed Duvessa
  5189 | D:6      | Reached XP level 9. HP: 51/68 MP: 11/11
  5190 | D:6      | Noticed Dowan
  5215 | D:6      | Killed Duvessa
  5219 | D:6      | Killed Dowan
  5219 | D:6      | Reached skill level 5 in Dodging
  5470 | D:6      | You fall through a shaft!
  5552 | D:6      | Reached skill level 5 in Armour
  5583 | D:6      | Reached * piety under Okawaru
  5595 | D:6      | Found a sacrificial altar of Ru.
  5902 | D:6      | Gained mutation: You have a somewhat thin skeletal structure (Dex +2, Stealth). [potion of beneficial mutation]
  6134 | D:7      | Found a burning altar of Makhleb.
  6265 | D:7      | Found a bloodstained altar of Trog.
  6631 | D:7      | Found a shattered altar of Ashenzari.
  6631 | D:7      | Found a sparkling altar of Nemelex Xobeh.
  6881 | D:7      | Reached ** piety under Okawaru
  6881 | D:7      | Reached skill level 5 in Maces & Flails
  6883 | D:7      | Reached XP level 10. HP: 69/77 MP: 11/13
  7014 | D:8      | Reached skill level 7 in Shields
  7227 | D:8      | Noticed a centaur warrior
  7253 | D:8      | Killed a centaur warrior
  7434 | D:8      | Found a flagged portal.
  7459 | Bailey   | Entered a bailey
  7550 | Bailey   | Noticed an orc knight
  7646 | Bailey   | Killed an orc knight
  7646 | Bailey   | Reached *** piety under Okawaru
  8042 | D:8      | Reached skill level 5 in Evocations
  8330 | D:8      | Gained mutation: You are resistant to hostile enchantments. [potion of beneficial mutation]
  8331 | D:8      | Gained mutation: You passively map a small area around you. [potion of beneficial mutation]
  8333 | D:9      | Found a staircase to the Orcish Mines.
  8358 | D:9      | Reached skill level 1 in Polearms
  8528 | D:9      | Reached skill level 8 in Shields
  8586 | D:9      | Reached XP level 11. HP: 63/84 MP: 14/14
  8628 | D:9      | Reached **** piety under Okawaru
 10055 | D:9      | Reached skill level 9 in Shields
 10451 | D:10     | Entered Level 10 of the Dungeon
 10452 | D:10     | Noticed a hill giant
 10468 | D:10     | Killed a hill giant
 10468 | D:10     | Reached ***** piety under Okawaru
 10646 | D:10     | Noticed a hill giant
 10662 | D:10     | Killed a hill giant
 11034 | D:10     | Noticed Erolcha
 11044 | D:10     | Killed Erolcha
 11072 | D:10     | Noticed Harold
 11100 | D:10     | Killed Harold
 11306 | D:10     | Noticed Urug
 11324 | D:10     | Killed Urug
 11324 | D:10     | Reached XP level 12. HP: 79/94 MP: 14/16
 11549 | D:10     | Received a gift from Okawaru
 11920 | D:11     | Reached skill level 5 in Polearms
 12202 | D:11     | Found a staircase to the Lair.
 12202 | D:11     | Noticed a death yak
 12972 | D:11     | Noticed unh01y's ghost (weakling FoAK)
 12978 | D:11     | Killed unh01y's ghost
 13182 | D:11     | Noticed an eight-headed hydra
 13207 | D:11     | Killed a ten-headed hydra
 13207 | D:11     | Reached skill level 10 in Shields
 14226 | D:12     | HP: 3/95 [slime creature (7)]
 14235 | D:12     | HP: 1/95 [slime creature (15)]
 14237 | D:12     | Slain by a slime creature

Skill      XL: |  1  2  3  4  5  6  7  8  9 10 11 12 |
---------------+-------------------------------------+-----
Shields        | 4 5 6 8 9 10 | 10.0
Dodging        | 1 2 3 4 6 7 8 9 |  9.1
Axes           | 3 4 |  4.0
Fighting       | 4 5 6 7 8 9 |  9.3
Maces & Flails | 1 2 3 5 6 |  6.4
Armour         | 4 5 6 7 |  7.9
Evocations     | 1 2 3 4 5 6 7 |  7.0
Polearms       | 1 4 6 |  6.1

Action                   |  1- 3 |  4- 6 |  7- 9 | 10-12 || total
-------------------------+-------+-------+-------+-------++-------
Melee: War axe           |   119 |    83 |       |       ||   202
       Flail             |       |    63 |   512 |   175 ||   750
       Halberd           |       |       |       |   726 ||   726
       Trident           |       |       |       |    68 ||    68
       Spear             |       |       |       |    17 ||    17
Invok: Heroism           |       |       |       |    25 ||    25
 Abil: Dig               |     4 |     2 |     1 |     9 ||    16
Evoke: Deck              |       |     1 |     2 |       ||     3
  Use: Scroll            |     8 |     1 |     6 |     8 ||    23
       Potion            |       |     2 |     7 |    15 ||    24
  Eat: Bread ration      |     1 |       |     2 |     3 ||     6
       Fruit             |       |     3 |     2 |     1 ||     6
       Beef jerky        |       |       |     1 |     5 ||     6
       Royal jelly       |       |       |     1 |       ||     1
       Meat ration       |       |       |     1 |       ||     1
       Pizza             |       |       |       |     2 ||     2
Armor: Scale mail        |    48 |    58 |   274 |   327 ||   707
Dodge: Dodged            |    37 |    58 |   236 |   638 ||   969
Block: Shield            |    80 |    93 |   325 |   861 ||  1359
